 Dungeon Crawl Stone Soup version 0.21-a0-201-g8501b10 (webtiles) character file.

11 grisnicke the Conjurer (level 2, -1/21 HPs)
             Began as a Human Wanderer on Aug 18, 2017.
             Slain by a goblin
             ... wielding a +0 club
              (3 damage)
             ... on level 1 of the Dungeon.
             The game lasted 00:05:00 (743 turns).

grisnicke the Conjurer (Human Wanderer)              Turns: 743, Time: 00:05:00

Health: -1/21      AC:  2    Str: 11    XL:     2   Next: 35%
Magic:  0/5        EV: 11    Int: 13    God:
Gold:   75         SH:  3    Dex: 12    Spells: 4/5 levels left

rFire    . . .     SeeInvis .   b - +0 shortbow
rCold    . . .     Gourm    .   (shield currently unavailable)
rNeg     . . .     Faith    .   e - +0 robe
rPois    .         Spirit   .   (no helmet)
rElec    .         Reflect  +   (no cloak)
rCorr    .         Harm     .   (no gloves)
MR       .....                  (no boots)
Stlth    ++........             l - +3 amulet of reflection
HPRegen  0.07/turn              (no ring)
MPRegen  0.09/turn              (no ring)

@: very slightly contaminated
A: no striking features
a: no special abilities


You were on level 1 of the Dungeon.
You were not hungry.

You visited 1 branch of the dungeon, and saw 1 of its levels.

You collected 75 gold pieces.

Inventory:

Hand Weapons
 a - a +0 club
   (You took it off a hobgoblin on level 1 of the Dungeon)
 b - a +0 shortbow (weapon)
Missiles
 d - 17 arrows (quivered)
 g - 18 poisoned needles
 h - 40 stones
Armour
 e - a +0 robe (worn)
Jewellery
 l - a +3 amulet of reflection (around neck)
   (You found it on level 1 of the Dungeon)
Scrolls
 m - a scroll of enchant weapon {unknown}
Potions
 j - a potion of invisibility {unknown}
Books
 c - Sif Muna's Tome of Changing

   Spells                             Type                      Level
   a - Sticks to Snakes               Transmutation                2
   b - Passwall                       Transmutation/Earth          2
 i - a book of Conjurations
Comestibles
 f - a bread ration {@e1}
 k - 4 fruits
 n - 3 chunks of flesh {@w0}


   Skills:
 - Level 1.0 Fighting
 - Level 1.1 Bows
 - Level 1.0 Armour
 - Level 1.0 Stealth
 - Level 2.0 Spellcasting
 + Level 2.1 Conjurations
   Level 2.0 Translocations
   Level 1.0 Evocations


You had 4 spell levels left.
You knew the following spells:

 Your Spells              Type           Power        Failure   Level  Hunger
a - Magic Dart            Conj           #...         11%         1    ##.....


Dungeon Overview and Level Annotations

Branches:
Dungeon (1/15)

Altars:


Message History

You shoot an arrow.
The arrow hits the giant cockroach but does no damage.
The giant cockroach bites you but does no damage.
Aim: a giant cockroach (moderately wounded, clinging)
You shoot an arrow. The arrow hits the giant cockroach.
You kill the giant cockroach!
Your Conjurations skill increases to level 2!
d - 19 arrows (gained 3)
You start resting.
Your magical contamination has completely faded away.
You start resting.
MP restored: 5 A kobold comes into view.
It is wielding a club.
Aim: a kobold, wielding a club (resting)
The magic dart hits the kobold.
The kobold shouts!
You now have 4/5 mp.
Aim: a kobold, wielding a club (heavily wounded)
The magic dart hits the kobold.
You now have 3/5 mp.
Aim: a kobold, wielding a club (heavily wounded)
The magic dart hits the kobold.
You kill the kobold!
You now have 2/5 mp.
You start resting.
MP restored: 5
Things that are here:
a club; a kobold corpse
Okay, then.
A hobgoblin comes into view. It is wielding a club.
Aim: a hobgoblin, wielding a club (resting)
The magic dart hits the hobgoblin.
The hobgoblin shouts!
You now have 4/5 mp.
Aim: a hobgoblin, wielding a club (moderately wounded)
The magic dart hits the hobgoblin.
You now have 3/5 mp.
Aim: a hobgoblin, wielding a club (almost dead)
The magic dart hits the hobgoblin.
You now have 2/5 mp.
Aim: a hobgoblin, wielding a club (almost dead)
The magic dart hits the hobgoblin.
You kill the hobgoblin!
You now have 1/5 mp.
Things that are here:
a club; a hobgoblin corpse You butcher the hobgoblin corpse.
n - 3 chunks of flesh {@w0}
Things that are here:
a club; a hobgoblin skeleton A goblin comes into view.
It is wielding a club.
The goblin shouts!
Aim: a goblin, wielding a club The magic dart hits the goblin.
You now have 1/5 mp.
Aim: a goblin, wielding a club (heavily wounded)
You miscast Magic Dart.
You are very lightly contaminated with residual magic.
You are momentarily dazzled by a flash of light!
You now have 0/5 mp.
Aim: a goblin, wielding a club (heavily wounded)
You shoot an arrow. The arrow hits the goblin.
The goblin hits you with a club.
You take 5 damage, and have 16/21 hp.
MASSIVE DAMAGE!!
a - a +0 club (weapon)
You closely miss the goblin. The goblin hits you with a club.
You take 1 damage, and have 16/21 hp.
You barely miss the goblin. The goblin hits you with a club.
The goblin closely misses you.
You take 3 damage, and have 13/21 hp.
You hit the goblin but do no damage. You block the goblin's attack.
Aim: a goblin, wielding a club (heavily wounded)
You miscast Magic Dart.
Nothing appears to happen.
The goblin closely misses you.
You now have 0/5 mp.
You closely miss the goblin. The goblin hits you with a club.
You take 4 damage, and have 9/21 hp.
You closely miss the goblin. The goblin hits you with a club.
* * * LOW HITPOINT WARNING * * *
You take 5 damage, and have 4/21 hp.
MASSIVE DAMAGE!!
b - a +0 shortbow (weapon)
You block the goblin's attack.
Aim: a goblin, wielding a club (moderately wounded)
You shoot an arrow. The arrow closely misses the goblin.
The goblin hits you with a club.
* * * LOW HITPOINT WARNING * * *
You take 3 damage, and have 1/21 hp.
Aim: a goblin, wielding a club (moderately wounded)
The magic dart hits the goblin.
You now have 0/5 mp.
The goblin hits you but does no damage.
Things that are here:
a club; a hobgoblin skeleton
Aim: a goblin, wielding a club (heavily wounded)
You miscast Magic Dart.
Nothing appears to happen.
You now have 0/5 mp.
The goblin hits you with a club.
You die...

####################
................@g.#
###.##############.#
# #.# #)# # #.# #.#
###.# #.# .##.# #.#
.##.# #.# ..#.# #.#
..#.# #.#


You could see a goblin.

Vanquished Creatures
  A giant cockroach (D:1)
  A goblin (D:1)
  2 hobgoblins (D:1)
  A bat (D:1)
  3 kobolds (D:1)
  2 rats (D:1)
10 creatures vanquished.

Notes
Turn   | Place    | Note
-------+----------+-------------------------------------------
     0 | D:1      | grisnicke the Human Wanderer began the quest for the Orb.
     0 | D:1      | grisnicke set off with: a book of Conjurations, Sif Muna's Tome of Changing, a +0 shortbow, 22 arrows, a +0 robe, a bread ration {@e1}
     0 | D:1      | Reached XP level 1. HP: 15/15 MP: 3/3
     0 | D:1      | Identified Sif Muna's Tome of Changing
    97 | D:1      | Learned a level 1 spell: Magic Dart
   430 | D:1      | Reached XP level 2. HP: 21/21 MP: 0/5
   498 | D:1      | Reached skill level 2 in Conjurations
   726 | D:1      | HP: 4/21 [goblin/club (5)]
   730 | D:1      | HP: 1/21 [goblin/club (3)]
   743 | D:1      | Slain by a goblin

Vault maps used:
D:1:      sevenhm_arrival_forest_fort_small_3, serial_bayou_pond_a

Skill      XL: |  1  2 |
---------------+-------+-----
Conjurations   | 2 |  2.1
Fighting       | |  1.0
Bows           | |  1.1
Armour         | |  1.0
Stealth        | |  1.0
Spellcasting   | |  2.0
Translocations | |  2.0
Evocations     | |  1.0

Action                   || total
-------------------------++-------
Melee: Club              ||     7
 Fire: Shortbow          ||    15
 Cast: Magic Dart        ||    21
Armor: Robe              ||     7
Dodge: Dodged            ||    10
Block: Other             ||     2

Vault maps used:
D:1:      sevenhm_arrival_forest_fort_small_3, serial_bayou_pond_a

Table legend:
 A = Turns spent in this place as a percentage of turns spent in the entire game.
 B = Non-inter-level travel turns spent in this place as a percentage of non-inter-level travel turns spent in the entire game.
 C = Inter-level travel turns spent in this place as a percentage of turns spent in this place.
 D = Turns resting spent in this place as a percentage of non-inter-level travel turns spent in this place.
 E = Turns spent auto-exploring this place as a percentage of non-inter-level travel turns spent in this place.
 F = Non-inter-level travel turns spent in this place divided by the number of levels of this place that you've seen.
                   A       B       C       D       E      F
               +-------+-------+-------+-------+-------+----------------------
         Total | 100.0 | 100.0 |   0.0 |   4.4 |   0.6 | 321.0
       Dungeon | 100.0 | 100.0 |   0.0 |   4.4 |   0.6 | 321.0
               +-------+-------+-------+-------+-------+----------------------

Table legend:
 A = Kills in this place as a percentage of kills in entire the game.
 B = Kills by you in this place as a percentage of kills by you in the entire game.
 C = Kills by friends in this place as a percentage of kills by friends in the entire game.
 D = Other kills in this place as a percentage of other kills in the entire game.
 E = Experience gained in this place as a percentage of experience gained in the entire game.
 F = Experience gained in this place divided by the number of levels of this place that you have seen.
                   A       B       C       D       E      F
               +-------+-------+-------+-------+-------+----------------------
         Total | 100.0 | 100.0 |  -nan |  -nan | 100.0 |  16.0
       Dungeon | 100.0 | 100.0 |  -nan |  -nan | 100.0 |  16.0
               +-------+-------+-------+-------+-------+----------------------
